 Dungeon Crawl Stone Soup version 0.27-a0-1273-gec92ba881d (webtiles) character file.

Game seed: 11647644985606488271

194 mordus the Poker (level 5, -6/45 HPs)
             Began as a Draconian Monk on June 11, 2021.
             Killed by divine providence
             ... invoked by an orc priest
              (12 damage)
             ... on level 3 of the Dungeon.
             The game lasted 00:04:08 (3623 turns).

mordus the Poker (Draconian Monk)                   Turns: 3623, Time: 00:04:08

Health: -6/45      AC:  5    Str: 14    XL:     5   Next: 44%
Magic:  5/5        EV:  8    Int: 11    God:
Gold:   103        SH: 12    Dex: 13    Spells: 4/4 levels left

rFire    . . .     SeeInvis .   a - +0 spear
rCold    + . .     Faith    .   b - +0 tower shield
rNeg     . . .     Spirit   .   (armour unavailable)
rPois    .         Reflect  .   (helmet restricted)
rElec    .         Harm     .   (no cloak)
rCorr    .         Rampage  .   (no gloves)
Will     .....                  (no boots)
Stlth    ++........             (no amulet)
HPRegen  0.15/turn              h - ring of protection from cold
MPRegen  0.09/turn              (no ring)

@: no status effects
A: AC +5, unfitting armour, cold-blooded
a: no special abilities


You were on level 3 of the Dungeon.
You visited 1 branch of the dungeon, and saw 3 of its levels.

You collected 103 gold pieces.

Inventory:

Hand Weapons
 a - a +0 spear (weapon)
Armour
 b - a +0 tower shield (worn)
Jewellery
 h - a ring of protection from cold (left hand)
Wands
 l - a wand of mindburst (14)
Scrolls
 c - a scroll of enchant armour {unknown}
 d - a scroll of teleportation {unknown}
 g - 4 scrolls of identify {unknown}
Potions
 e - a potion of curing {unknown}
 f - 3 potions of haste {unknown}
 i - 2 potions of flight {unknown}
 j - a potion of ambrosia {unknown}
 k - 2 potions of lignification {unknown}


   Skills:
 - Level 3.2 Fighting
 * Level 5.6 Polearms
 - Level 2.6 Dodging
 - Level 1.7 Stealth
 + Level 2.4 Shields


You had 4 spell levels left.
You didn't know any spells.
Your spell library was empty.

Dungeon Overview and Level Annotations

Branches:
Dungeon (3/15)

Altars:


Innate Abilities, Weirdness & Mutations

Your plain brown scales are hard. (AC +5)
You cannot fit into any form of body armour.
You are cold-blooded and may be slowed by cold attacks.


Message History

You block the orc's attack.
You hit the orc.
You kill the orc!
You closely miss the orc priest.
You tail-slap the orc priest, but do no damage.
The orc priest completely misses you.
You hit the orc priest but do no damage.
The orc priest calls down the wrath of Beogh upon you.
Beogh smites you!
You hit the orc priest but do no damage.
The orc priest closely misses you.
The orc priest hits you with a +0 hand axe.
You hit the orc priest but do no damage.
You block the orc priest's attack.
You closely miss the orc priest. You block the orc priest's attack.
You hit the orc priest. You tail-slap the orc priest.
The orc priest is heavily wounded.
The orc priest mumbles some strange prayers to Beogh against you.
Beogh smites you!
* * * LOW HITPOINT WARNING * * *
You hit the orc priest but do no damage.
The orc priest is heavily wounded.
You block the orc priest's attack.
The orc priest hits you with a +0 hand axe.
* * * LOW HITPOINT WARNING * * *
You completely miss the orc priest.
The orc priest is moderately wounded.
You block the orc priest's attack.
You hit the orc priest but do no damage.
The orc priest is moderately wounded.
You block the orc priest's attack.
You hit the orc priest but do no damage.
The orc priest is moderately wounded.
You block the orc priest's attack.
You hit the orc priest but do no damage.
You tail-slap the orc priest, but do no damage.
The orc priest is moderately wounded.
The orc priest mumbles some strange prayers to Beogh against you.
Beogh smites you!
You die...

##.....## ...... ##.####
..... #.# ..........S.. #.#
..........?.. #.# ..
#....>.... #.# ##.#
#.....?... #.# #..#
#......... #.# #.# .......o.
#.# #@# #........ #####†####
#o#####w....... ##...#....##
#..##.......#..
##..........####.....o..#.#
#......<.....# ###......#.#
#........[...#####........#
#...........................
##....).....#############..<
##...##...## #..


You could see an orc priest.

Vanquished Creatures
  Terence (D:2)
  Natasha (twice) (D:2)
  A gnoll (D:1)
  2 adders
  A worm (D:2)
  2 dart slugs
  4 orcs (D:3)
  7 endoplasms
  3 giant cockroaches
  4 goblins
  9 hobgoblins
  15 jackals
  3 kobolds (D:2)
  A quokka (D:2)
  5 ball pythons
  7 bats
  5 frilled lizards
  8 rats
80 creatures vanquished.

Notes
Turn   | Place    | Note
-------+----------+-------------------------------------------
     0 | D:1      | mordus the Draconian Monk began the quest for the Orb.
     0 | D:1      | Reached XP level 1. HP: 19/19 MP: 1/1
   157 | D:1      | Reached XP level 2. HP: 21/26 MP: 2/2
   280 | D:1      | Reached skill level 4 in Polearms
   396 | D:1      | Reached XP level 3. HP: 16/31 MP: 3/3
   721 | D:1      | Reached skill level 1 in Shields
   895 | D:1      | Noticed a floating eye
   898 | D:1      | Found a faded altar of an unknown god.
   901 | D:1      | Noticed an eye of devastation
   908 | D:1      | Noticed a floating eye
   925 | D:1      | Noticed a great orb of eyes
  1756 | D:2      | Noticed Natasha
  1758 | D:2      | Reached XP level 4. HP: 38/38 MP: 4/4
  1770 | D:2      | Killed Natasha
  2312 | D:2      | Noticed Terence
  2347 | D:2      | Killed Terence
  2348 | D:2      | Reached skill level 5 in Polearms
  2655 | D:2      | Noticed Natasha
  2673 | D:2      | Killed Natasha
  2674 | D:2      | Reached XP level 5. HP: 12/45 MP: 5/5
  3623 | D:3      | Killed from afar by an orc priest

Illustrated notes

Levels and vault maps discovered:
D:1:      dpeg_chamrin_arrival_tetris, layout_loops_cross,
          hellmonk_ecumenical_altar_watching_god, minmay_misc_feat_diagonals,
          minmay_heptomino_w4
D:2:      minmay_diamond_boxcup, layout_basic, uniq_natasha, uniq_terence
D:3:      layout_rooms, cheibrodos_sewer_entry_bend

Skill      XL: |  1  2  3  4 |
---------------+-------------+-----
Polearms       | 4 5 |  5.6
Shields        | 1 2 |  2.4
Fighting       | |  3.2
Dodging        | |  2.6
Stealth        | |  1.7

Action                   |  1- 3 |  4- 6 || total
-------------------------+-------+-------++-------
Melee: Spear             |   162 |   194 ||   356
       Tailslap          |    20 |    28 ||    48
 Stab: Sleeping          |     5 |     6 ||    11
Armor: Skin              |    57 |    43 ||   100
Dodge: Dodged            |    47 |    55 ||   102
Block: Tower shield      |    85 |   125 ||   210

Table legend: (Time is in decaauts)
 A = Elapsed time spent in this place.
 B = Non-inter-level travel time spent in this place.
 C = Inter-level travel time spent in this place.
 D = Time resting spent in this place.
 E = Time spent auto-exploring this place.
 F = Levels seen in this place.
 G = Mean time per level.
                   A        B        C        D        E       F      G
               +--------+--------+--------+--------+--------+-----+--------+
         Total |   3733 |   3704 |     29 |   1387 |   1627 |   3 | 1244.3 |
       Dungeon |   3733 |   3704 |     29 |   1387 |   1627 |   3 | 1244.3 |
               +--------+--------+--------+--------+--------+-----+--------+

Top non-repeatable levels by time:
     D:2: 2108 daAuts
     D:1: 1186 daAuts
     D:3: 438 daAuts
